[ PARTIDA AOE2 · #475271930 ]
UnrankedPersas vs Celts
Equipo del jugador · DERR
[ ANÁLISIS DE REPETICIÓN · EXTRAÍDO DE LA PARTIDA GRABADA ]
Feudal
11:37
Castillos
15:17
Imperial
—
| APM promedio | 34.0 |
| APM pico | 66 |
| eAPM promedio | 19.9 |
| Aldeanos / militares | 104 / 24 |
Foco
⚔️ 24.6% · 🌾 75.4%
Knight ×15 · Mangonel ×4 · Scout Cavalry ×3 · Camel Scout ×2
Feudal
10:31
Castillos
14:02
Imperial
30:45
| APM promedio | 73.1 |
| APM pico | 110 |
| eAPM promedio | 42.7 |
| Aldeanos / militares | 269 / 95 |
Foco
⚔️ 48.0% · 🌾 52.0%
Mangudai ×74 · Mangonel ×14 · Battering Ram ×7
Feudal
10:31
Castillos
14:26
Imperial
31:53
| APM promedio | 62.0 |
| APM pico | 142 |
| eAPM promedio | 37.1 |
| Aldeanos / militares | 174 / 54 |
Foco
⚔️ 18.5% · 🌾 81.5%
Scorpion ×36 · Mangonel ×10 · Trebuchet (Packed) ×5 · Battering Ram ×3
Feudal
10:41
Castillos
14:46
Imperial
—
| APM promedio | 31.6 |
| APM pico | 80 |
| eAPM promedio | 13.6 |
| Aldeanos / militares | 50 / 3 |
Foco
⚔️ 23.0% · 🌾 77.0%
Mangonel ×2 · Monk ×1
Feudal
9:03
Castillos
19:01
Imperial
34:34
| APM promedio | 32.0 |
| APM pico | 75 |
| eAPM promedio | 23.3 |
| Aldeanos / militares | 236 / 93 |
Foco
⚔️ 30.7% · 🌾 69.3%
Konnik ×58 · Militia ×12 · Battering Ram ×12 · Skirmisher ×11
Feudal
9:17
Castillos
22:01
Imperial
38:05
| APM promedio | 24.8 |
| APM pico | 51 |
| eAPM promedio | 18.8 |
| Aldeanos / militares | 149 / 9 |
Foco
⚔️ 13.0% · 🌾 87.0%
Spearman ×7 · Teutonic Knight ×2
Feudal
9:01
Castillos
13:03
Imperial
40:20
| APM promedio | 44.7 |
| APM pico | 96 |
| eAPM promedio | 19.8 |
| Aldeanos / militares | 127 / 91 |
Foco
⚔️ 40.2% · 🌾 59.8%
Scorpion ×87 · Battering Ram ×4
Feudal
10:07
Castillos
15:17
Imperial
34:46
| APM promedio | 42.3 |
| APM pico | 80 |
| eAPM promedio | 28.7 |
| Aldeanos / militares | 129 / 251 |
Foco
⚔️ 31.5% · 🌾 68.5%
Knight ×240 · Scout Cavalry ×6 · Monk ×5
Mapa de la partida
Recursos iniciales + cada clic de construcción. Líneas = muros · curvas = relieve. ◆ oro · ⬟ piedra · ● bayas · ✦ reliquia · ◌ hueco del cierre
Tu base· ✓ Cerrada en 15:17 · 6t muro · 2 puerta(s)
Base de HK | El Chairo· ✓ Cerrada en 14:02 · 0t muro · 2 puerta(s)
Base de Icen· ✓ Cerrada en 14:26 · 0t muro · 2 puerta(s)
Base de hK | Agt. Smith· ✓ Cerrada en 14:46 · 15t muro · 2 puerta(s)
Base de Wolobo· ✓ Cerrada en 19:01 · 0t muro · 2 puerta(s)
Base de EXILE | Nea· ✓ Cerrada en 22:01 · 9t muro · 2 puerta(s)
Base de DS_Alec· ✓ Cerrada en 13:03 · 10t muro · 5 puerta(s)
Base de 我是你大飞哥· ✓ Cerrada en 15:17 · 0t muro · 2 puerta(s)
Terreno inicial suavizado · ◌ = hueco del cierre detectado · pasá el cursor para detalles
Inputs por minuto
— EXILE | Lightning - - HK | El Chairo
Build order — EXILE | Lightning
Primeras 150 de 229 acciones detectadas
| 0:01 | Crear | Villager (Male) |
| 0:01 | Crear | Villager (Male) |
| 0:02 | Crear | Villager (Male) |
| 0:03 | Construir | House |
| 0:04 | Construir | House |
| 0:12 | Crear | Villager (Male) |
| 0:12 | Crear | Villager (Male) |
| 1:25 | Crear | Villager (Male) |
| 1:46 | Construir | Lumber Camp |
| 1:50 | Crear | Villager (Male) |
| 2:25 | Crear | Villager (Male) |
| 3:01 | Crear | Villager (Male) |
| 3:01 | Crear | Villager (Male) |
| 3:44 | Crear | Villager (Male) |
| 3:47 | Construir | House |
| 3:53 | Construir | House |
| 3:55 | Construir | House |
| 3:58 | Crear | Villager (Male) |
| 4:28 | Crear | Villager (Male) |
| 4:44 | Crear | Villager (Male) |
| 5:16 | Construir | Mill |
| 5:21 | Crear | Villager (Male) |
| 5:21 | Crear | Villager (Male) |
| 5:45 | Crear | Villager (Male) |
| 5:45 | Crear | Villager (Male) |
| 6:02 | Crear | Villager (Male) |
| 6:16 | Crear | Villager (Male) |
| 6:56 | Construir | Mill |
| 7:04 | Crear | Villager (Male) |
| 7:12 | Crear | Villager (Male) |
| 7:22 | Crear | Villager (Male) |
| 7:36 | Crear | Villager (Male) |
| 8:02 | Construir | Mining Camp |
| 8:10 | Crear | Villager (Male) |
| 8:38 | Crear | Villager (Male) |
| 8:43 | Crear | Villager (Male) |
| 8:48 | Construir | Farm |
| 9:04 | Investigar | Feudal Age |
| 9:09 | Construir | Farm |
| 9:13 | Construir | Farm |
| 9:15 | Construir | Farm |
| 10:15 | Construir | Farm |
| 11:37 | Edad | Edad Feudal |
| 11:55 | Construir | Market |
| 11:56 | Construir | Blacksmith |
| 12:24 | Crear | Villager (Male) |
| 12:26 | Crear | Villager (Male) |
| 12:48 | Crear | Villager (Male) |
| 12:52 | Investigar | Castle Age |
| 13:08 | Construir | Palisade Wall |
| 13:09 | Construir | Palisade Wall |
| 13:11 | Construir | Palisade Wall |
| 13:12 | Construir | Palisade Wall |
| 13:13 | Construir | Palisade Wall |
| 13:14 | Construir | Palisade Wall |
| 13:37 | Investigar | Double-Bit Axe |
| 13:43 | Investigar | Horse Collar |
| 14:10 | Construir | Barracks |
| 14:14 | Crear | Villager (Male) |
| 14:21 | Construir | Farm |
| 14:26 | Construir | Farm |
| 14:27 | Construir | Farm |
| 14:35 | Construir | Farm |
| 14:41 | Construir | Farm |
| 14:42 | Crear | Villager (Male) |
| 14:52 | Construir | House |
| 15:03 | Construir | Lumber Camp |
| 15:06 | Crear | Villager (Male) |
| 15:17 | Edad | Edad de los Castillos |
| 15:24 | Construir | Stable |
| 15:28 | Crear | Villager (Male) |
| 15:40 | Investigar | Bow Saw |
| 15:48 | Crear | Villager (Male) |
| 15:52 | Investigar | Scale Barding Armor |
| 16:06 | Investigar | Bloodlines |
| 16:07 | Crear | Knight |
| 16:07 | Crear | Knight |
| 16:22 | Construir | Stable |
| 16:27 | Crear | Knight |
| 16:35 | Crear | Villager (Male) |
| 16:40 | Crear | Villager (Male) |
| 16:55 | Crear | Villager (Male) |
| 17:03 | Investigar | Chain Barding Armor |
| 17:14 | Crear | Scout Cavalry |
| 17:22 | Construir | House |
| 17:23 | Construir | House |
| 17:33 | Crear | Scout Cavalry |
| 17:45 | Crear | Knight |
| 17:47 | Crear | Villager (Male) |
| 17:49 | Crear | Villager (Male) |
| 17:52 | Construir | Farm |
| 18:14 | Construir | Siege Workshop |
| 18:16 | Crear | Villager (Male) |
| 18:19 | Crear | Knight |
| 18:26 | Construir | House |
| 18:30 | Crear | Scout Cavalry |
| 19:36 | Crear | Knight |
| 19:39 | Crear | Villager (Male) |
| 19:39 | Crear | Villager (Male) |
| 19:45 | Crear | Knight |
| 19:56 | Construir | Stable |
| 19:57 | Crear | Villager (Male) |
| 20:13 | Crear | Villager (Male) |
| 20:26 | Crear | Knight |
| 20:26 | Crear | Knight |
| 20:39 | Construir | Farm |
| 20:40 | Crear | Villager (Male) |
| 20:52 | Crear | Mangonel |
| 20:55 | Crear | Villager (Male) |
| 21:06 | Construir | Farm |
| 21:08 | Construir | Farm |
| 21:15 | Crear | Knight |
| 21:19 | Construir | House |
| 21:51 | Construir | House |
| 22:02 | Crear | Knight ×2 |
| 22:04 | Construir | House |
| 22:20 | Construir | Palisade Wall |
| 22:23 | Crear | Mangonel |
| 22:48 | Construir | Farm |
| 22:49 | Construir | Farm |
| 22:49 | Crear | Villager (Male) |
| 22:52 | Crear | Knight |
| 23:31 | Crear | Mangonel |
| 23:36 | Crear | Knight ×2 |
| 24:40 | Construir | Lumber Camp |
| 25:25 | Construir | Lumber Camp |
| 26:28 | Construir | Town Center |
| 27:58 | Construir | Stable |
| 28:00 | Construir | Stable |
| 28:58 | Construir | Mill |
| 29:08 | Investigar | Loom |
| 29:56 | Crear | Villager (Male) |
| 29:56 | Crear | Villager (Male) |
| 30:30 | Crear | Villager (Male) |
| 30:49 | Crear | Villager (Male) |
| 31:27 | Construir | Siege Workshop |
| 31:35 | Crear | Villager (Male) |
| 31:58 | Crear | Camel Scout |
| 32:06 | Crear | Villager (Male) |
| 32:20 | Construir | Lumber Camp |
| 32:27 | Crear | Mangonel |
| 32:34 | Crear | Villager (Male) |
| 32:34 | Crear | Villager (Male) |
| 32:51 | Crear | Camel Scout |
| 33:05 | Construir | Farm |
| 33:08 | Crear | Villager (Male) |
| 33:26 | Crear | Villager (Male) |
| 33:34 | Construir | Stone Wall |
| 33:40 | Construir | Stone Wall |
| 33:54 | Construir | Stone Wall |
Build order — HK | El Chairo
Primeras 150 de 413 acciones detectadas
| 0:01 | Crear | Villager (Male) |
| 0:02 | Construir | House |
| 0:03 | Construir | House |
| 0:07 | Crear | Villager (Male) |
| 0:08 | Crear | Villager (Male) |
| 0:09 | Crear | Villager (Male) |
| 1:24 | Crear | Villager (Male) |
| 1:45 | Construir | Lumber Camp |
| 1:49 | Crear | Villager (Male) |
| 2:21 | Crear | Villager (Male) |
| 2:43 | Crear | Villager (Male) |
| 2:43 | Crear | Villager (Male) |
| 3:01 | Construir | House |
| 3:04 | Crear | Villager (Male) |
| 3:37 | Crear | Villager (Male) |
| 4:00 | Crear | Villager (Male) |
| 4:02 | Construir | Mill |
| 4:17 | Crear | Villager (Male) |
| 4:47 | Crear | Villager (Male) |
| 4:51 | Crear | Villager (Male) |
| 5:06 | Crear | Villager (Male) |
| 5:30 | Construir | Mill |
| 5:34 | Construir | House |
| 5:38 | Crear | Villager (Male) |
| 5:43 | Crear | Villager (Male) |
| 5:45 | Construir | Mill |
| 5:48 | Crear | Villager (Male) |
| 6:22 | Crear | Villager (Male) |
| 6:26 | Crear | Villager (Male) |
| 6:27 | Crear | Villager (Male) |
| 6:29 | Crear | Villager (Male) |
| 6:31 | Crear | Villager (Male) |
| 6:55 | Construir | Farm |
| 6:58 | Construir | Farm |
| 7:21 | Construir | House |
| 8:07 | Investigar | Feudal Age |
| 8:17 | Construir | Mining Camp |
| 9:36 | Crear | Villager (Male) |
| 10:31 | Edad | Edad Feudal |
| 10:33 | Construir | Market |
| 10:36 | Crear | Villager (Male) |
| 10:39 | Construir | Blacksmith |
| 11:04 | Crear | Villager (Male) |
| 11:09 | Investigar | Double-Bit Axe |
| 11:09 | Investigar | Double-Bit Axe |
| 11:22 | Investigar | Castle Age |
| 11:36 | Investigar | Horse Collar |
| 11:36 | Investigar | Horse Collar |
| 11:56 | Construir | Farm |
| 12:13 | Construir | Farm |
| 12:39 | Construir | Farm |
| 12:50 | Crear | Villager (Male) |
| 13:50 | Construir | House |
| 14:02 | Edad | Edad de los Castillos |
| 14:04 | Construir | Town Center |
| 14:05 | Crear | Villager (Male) |
| 14:14 | Construir | Town Center |
| 14:16 | Investigar | Bow Saw |
| 14:18 | Crear | Villager (Male) |
| 14:29 | Construir | Farm |
| 14:34 | Construir | Farm |
| 14:43 | Construir | House |
| 14:45 | Crear | Villager (Male) |
| 14:53 | Construir | Farm |
| 15:10 | Construir | Farm |
| 15:11 | Crear | Villager (Male) |
| 15:23 | Construir | House |
| 15:31 | Construir | Farm |
| 15:34 | Construir | Farm |
| 15:45 | Crear | Villager (Male) |
| 15:47 | Crear | Villager (Male) ×5 |
| 15:52 | Crear | Villager (Male) |
| 15:52 | Crear | Villager (Male) |
| 16:00 | Construir | Farm |
| 16:02 | Crear | Villager (Male) ×3 |
| 16:05 | Crear | Villager (Male) |
| 16:05 | Crear | Villager (Male) |
| 16:09 | Crear | Villager (Male) |
| 16:16 | Construir | Farm |
| 16:18 | Crear | Villager (Male) |
| 16:18 | Crear | Villager (Male) |
| 16:22 | Crear | Villager (Male) |
| 16:31 | Crear | Villager (Male) |
| 16:31 | Crear | Villager (Male) |
| 16:38 | Crear | Villager (Male) |
| 16:38 | Crear | Villager (Male) |
| 16:43 | Crear | Villager (Male) |
| 16:53 | Crear | Villager (Male) |
| 16:57 | Construir | Farm |
| 16:59 | Construir | Farm |
| 16:59 | Crear | Villager (Male) ×3 |
| 17:02 | Crear | Villager (Male) |
| 17:04 | Crear | Villager (Male) ×3 |
| 17:07 | Construir | Farm |
| 17:10 | Crear | Villager (Male) |
| 17:17 | Crear | Villager (Male) ×3 |
| 17:22 | Crear | Villager (Male) |
| 17:32 | Investigar | Loom |
| 17:32 | Crear | Villager (Male) ×4 |
| 17:47 | Crear | Villager (Male) |
| 17:50 | Construir | Siege Workshop |
| 17:51 | Crear | Villager (Male) |
| 17:54 | Crear | Villager (Male) |
| 18:05 | Investigar | Wheelbarrow |
| 18:06 | Crear | Villager (Male) ×2 |
| 18:11 | Crear | Villager (Male) |
| 18:16 | Crear | Villager (Male) ×3 |
| 18:20 | Crear | Mangonel |
| 18:21 | Crear | Mangonel |
| 18:31 | Construir | House |
| 18:31 | Construir | House |
| 18:32 | Construir | House |
| 18:33 | Crear | Villager (Male) ×2 |
| 18:35 | Crear | Villager (Male) |
| 18:38 | Crear | Villager (Male) |
| 18:45 | Crear | Villager (Male) |
| 18:50 | Construir | Farm |
| 18:53 | Construir | Farm |
| 18:59 | Crear | Villager (Male) ×3 |
| 19:01 | Crear | Villager (Male) |
| 19:10 | Crear | Villager (Male) |
| 19:13 | Construir | Farm |
| 19:17 | Crear | Villager (Male) |
| 19:20 | Construir | Farm |
| 19:22 | Construir | Farm |
| 19:24 | Crear | Villager (Male) |
| 19:31 | Crear | Villager (Male) ×3 |
| 19:41 | Crear | Villager (Male) ×2 |
| 19:44 | Crear | Mangonel |
| 19:45 | Crear | Mangonel |
| 19:51 | Crear | Villager (Male) ×3 |
| 19:58 | Crear | Villager (Male) ×2 |
| 20:05 | Crear | Villager (Male) |
| 20:10 | Construir | Farm |
| 20:11 | Construir | Farm |
| 20:14 | Crear | Villager (Male) ×3 |
| 20:16 | Crear | Villager (Male) |
| 20:22 | Crear | Villager (Male) |
| 20:26 | Crear | Mangonel |
| 20:26 | Crear | Mangonel |
| 20:29 | Crear | Villager (Male) |
| 20:34 | Crear | Mangonel |
| 20:39 | Crear | Villager (Male) |
| 20:43 | Construir | Town Center |
| 20:45 | Crear | Villager (Male) |
| 20:51 | Crear | Villager (Male) ×4 |
| 20:55 | Construir | Farm |
| 20:59 | Crear | Villager (Male) |
| 21:11 | Crear | Villager (Male) |
| 21:15 | Construir | House |
Build order — Icen
Primeras 150 de 388 acciones detectadas
| 0:01 | Crear | Villager (Male) |
| 0:01 | Crear | Villager (Male) |
| 0:01 | Crear | Villager (Male) |
| 0:01 | Crear | Villager (Male) |
| 0:03 | Construir | House |
| 0:04 | Construir | House |
| 1:36 | Crear | Villager (Male) |
| 1:48 | Crear | Villager (Male) |
| 1:48 | Crear | Villager (Male) |
| 1:58 | Construir | Lumber Camp |
| 2:23 | Crear | Villager (Male) |
| 2:23 | Crear | Villager (Male) |
| 2:32 | Crear | Villager (Male) |
| 2:32 | Crear | Villager (Male) |
| 2:57 | Crear | Villager (Male) |
| 2:58 | Crear | Villager (Male) |
| 3:16 | Construir | House |
| 3:22 | Crear | Villager (Male) |
| 3:22 | Crear | Villager (Male) |
| 3:57 | Crear | Villager (Male) |
| 3:57 | Crear | Villager (Male) |
| 4:15 | Construir | Mill |
| 4:24 | Construir | House |
| 4:28 | Crear | Villager (Male) |
| 4:29 | Crear | Villager (Male) |
| 4:41 | Crear | Villager (Male) |
| 5:03 | Crear | Villager (Male) |
| 5:12 | Construir | Farm |
| 5:16 | Crear | Villager (Male) |
| 5:45 | Construir | Farm |
| 6:30 | Crear | Villager (Male) |
| 7:04 | Crear | Villager (Male) |
| 7:04 | Crear | Villager (Male) |
| 7:09 | Crear | Villager (Male) |
| 8:01 | Investigar | Feudal Age |
| 8:16 | Construir | Mining Camp |
| 8:18 | Crear | Villager (Male) |
| 8:40 | Crear | Villager (Male) |
| 8:40 | Crear | Villager (Male) |
| 8:40 | Crear | Villager (Male) |
| 8:44 | Construir | House |
| 8:55 | Crear | Villager (Male) |
| 8:55 | Crear | Villager (Male) |
| 10:31 | Edad | Edad Feudal |
| 10:33 | Construir | Market |
| 10:45 | Construir | Blacksmith |
| 11:39 | Investigar | Castle Age |
| 11:58 | Investigar | Double-Bit Axe |
| 12:01 | Investigar | Loom |
| 12:01 | Investigar | Loom |
| 12:09 | Construir | Lumber Camp |
| 12:51 | Crear | Villager (Male) |
| 14:26 | Edad | Edad de los Castillos |
| 14:32 | Construir | Siege Workshop |
| 14:33 | Construir | Siege Workshop |
| 14:39 | Investigar | Bow Saw |
| 14:48 | Construir | House |
| 14:49 | Construir | House |
| 14:56 | Crear | Villager (Male) |
| 15:17 | Crear | Villager (Male) |
| 15:26 | Crear | Battering Ram |
| 15:27 | Crear | Battering Ram |
| 15:35 | Construir | House |
| 15:43 | Crear | Scorpion |
| 15:44 | Crear | Scorpion |
| 15:47 | Crear | Battering Ram |
| 15:49 | Crear | Villager (Male) |
| 15:52 | Construir | House |
| 16:12 | Crear | Mangonel |
| 16:14 | Crear | Villager (Male) |
| 16:24 | Construir | Farm |
| 16:25 | Construir | Farm |
| 16:37 | Construir | Farm |
| 16:49 | Crear | Scorpion |
| 16:49 | Crear | Scorpion |
| 17:04 | Crear | Villager (Male) |
| 17:08 | Construir | Farm |
| 17:12 | Construir | House |
| 17:13 | Construir | House |
| 17:45 | Crear | Villager (Male) |
| 18:04 | Crear | Villager (Male) |
| 18:36 | Construir | Town Center |
| 18:38 | Construir | Town Center |
| 18:58 | Crear | Villager (Male) |
| 19:00 | Construir | Farm |
| 19:01 | Construir | Farm |
| 19:02 | Construir | Farm |
| 19:05 | Crear | Villager (Male) |
| 19:07 | Construir | Farm |
| 19:08 | Construir | Farm |
| 19:09 | Construir | Farm |
| 19:11 | Crear | Villager (Male) |
| 19:11 | Crear | Villager (Male) |
| 19:12 | Crear | Villager (Male) |
| 19:27 | Construir | Farm |
| 19:28 | Construir | Farm |
| 19:46 | Construir | Farm |
| 19:54 | Construir | Farm |
| 19:55 | Construir | Farm |
| 20:07 | Crear | Villager (Male) |
| 20:07 | Crear | Villager (Male) |
| 20:07 | Crear | Villager (Male) |
| 20:15 | Construir | Farm |
| 20:16 | Construir | Farm |
| 20:18 | Crear | Villager (Male) |
| 20:29 | Crear | Villager (Male) |
| 20:29 | Crear | Villager (Male) |
| 20:35 | Construir | Farm |
| 20:36 | Construir | Farm |
| 20:46 | Crear | Villager (Male) |
| 20:46 | Crear | Villager (Male) |
| 20:50 | Construir | Farm |
| 20:56 | Crear | Villager (Male) |
| 20:56 | Crear | Villager (Male) |
| 20:59 | Construir | Lumber Camp |
| 21:07 | Crear | Villager (Male) |
| 21:10 | Construir | Farm |
| 21:11 | Crear | Villager (Male) |
| 21:20 | Construir | Farm |
| 21:21 | Crear | Villager (Male) |
| 21:22 | Crear | Villager (Male) |
| 21:31 | Crear | Villager (Male) |
| 21:34 | Construir | Farm |
| 21:35 | Crear | Villager (Male) |
| 21:36 | Crear | Villager (Male) |
| 21:46 | Crear | Villager (Male) |
| 21:49 | Construir | House |
| 21:50 | Construir | House |
| 21:51 | Construir | House |
| 21:58 | Crear | Villager (Male) |
| 21:58 | Crear | Villager (Male) |
| 22:40 | Crear | Villager (Male) |
| 22:40 | Crear | Villager (Male) |
| 22:40 | Crear | Villager (Male) |
| 22:40 | Crear | Villager (Male) |
| 23:09 | Crear | Villager (Male) |
| 23:09 | Crear | Villager (Male) |
| 23:09 | Crear | Villager (Male) |
| 23:12 | Construir | Town Center |
| 23:22 | Construir | Town Center |
| 23:25 | Crear | Villager (Male) |
| 23:27 | Construir | Farm |
| 23:28 | Construir | Farm |
| 23:28 | Construir | Farm |
| 23:28 | Construir | Farm |
| 23:28 | Construir | Farm |
| 23:29 | Construir | Farm |
| 23:32 | Crear | Villager (Male) |
| 23:32 | Crear | Villager (Male) |
| 23:39 | Construir | House |
Build order — hK | Agt. Smith
103 acciones detectadas en el replay
| 0:01 | Crear | Villager (Male) |
| 0:04 | Construir | House |
| 0:06 | Construir | House |
| 0:22 | Crear | Villager (Male) ×3 |
| 0:22 | Crear | Villager (Male) ×3 |
| 0:47 | Construir | Palisade Wall |
| 0:48 | Construir | Palisade Wall |
| 1:22 | Crear | Villager (Male) |
| 1:27 | Construir | Palisade Wall |
| 2:05 | Crear | Villager (Male) |
| 2:27 | Construir | Lumber Camp |
| 2:30 | Crear | Villager (Male) |
| 2:55 | Crear | Villager (Male) |
| 3:29 | Crear | Villager (Male) |
| 3:29 | Crear | Villager (Male) |
| 3:44 | Construir | House |
| 3:48 | Crear | Villager (Male) |
| 4:12 | Crear | Villager (Male) |
| 4:38 | Construir | House |
| 4:41 | Crear | Villager (Male) |
| 4:59 | Crear | Villager (Male) |
| 5:06 | Construir | House |
| 5:16 | Construir | Mill |
| 5:26 | Crear | Villager (Male) |
| 5:32 | Crear | Villager (Male) |
| 6:06 | Crear | Villager (Male) |
| 6:17 | Crear | Villager (Male) |
| 6:20 | Construir | Mining Camp |
| 6:37 | Crear | Villager (Male) |
| 7:15 | Crear | Villager (Male) |
| 7:15 | Crear | Villager (Male) |
| 7:57 | Crear | Villager (Male) |
| 8:31 | Investigar | Feudal Age |
| 8:59 | Construir | Farm |
| 9:01 | Construir | Farm |
| 9:03 | Construir | Farm |
| 10:41 | Crear | Villager (Male) |
| 10:41 | Edad | Edad Feudal |
| 10:44 | Crear | Villager (Male) |
| 10:45 | Construir | Market |
| 10:49 | Construir | Blacksmith |
| 11:38 | Crear | Villager (Male) |
| 12:06 | Investigar | Castle Age |
| 12:23 | Investigar | Double-Bit Axe |
| 12:44 | Investigar | Horse Collar |
| 12:51 | Construir | Farm |
| 13:56 | Construir | House |
| 14:23 | Construir | House |
| 14:37 | Investigar | Loom |
| 14:46 | Edad | Edad de los Castillos |
| 14:51 | Construir | Siege Workshop |
| 14:59 | Construir | Siege Workshop |
| 15:02 | Construir | Monastery |
| 15:13 | Crear | Villager (Male) |
| 15:13 | Crear | Villager (Male) |
| 15:19 | Investigar | Wheelbarrow |
| 15:25 | Investigar | Bow Saw |
| 15:38 | Construir | Palisade Wall |
| 15:40 | Crear | Mangonel |
| 15:46 | Crear | Mangonel |
| 15:53 | Construir | House |
| 15:57 | Crear | Villager (Male) |
| 16:08 | Construir | House |
| 16:12 | Crear | Villager (Male) |
| 16:21 | Investigar | Fervor |
| 16:26 | Construir | Palisade Wall |
| 16:54 | Crear | Villager (Male) |
| 16:56 | Construir | House |
| 17:00 | Construir | House |
| 17:15 | Construir | Town Center |
| 17:45 | Construir | Palisade Wall |
| 17:56 | Crear | Villager (Male) |
| 18:03 | Construir | House |
| 18:05 | Crear | Villager (Male) |
| 18:15 | Construir | Farm |
| 18:16 | Construir | House |
| 18:18 | Construir | Farm |
| 18:40 | Construir | Town Center |
| 18:42 | Crear | Villager (Male) |
| 18:46 | Construir | Stone Wall |
| 19:03 | Crear | Villager (Male) |
| 19:06 | Construir | Farm |
| 19:08 | Construir | Farm |
| 19:09 | Construir | Farm |
| 19:24 | Construir | Farm |
| 19:28 | Crear | Villager (Male) ×3 |
| 19:31 | Construir | Farm |
| 19:34 | Construir | Farm |
| 19:35 | Construir | Farm |
| 19:47 | Crear | Villager (Male) |
| 20:23 | Crear | Villager (Male) ×3 |
| 20:25 | Construir | Farm |
| 20:28 | Construir | Farm |
| 20:30 | Crear | Monk |
| 20:33 | Construir | House |
| 20:34 | Crear | Villager (Male) |
| 20:39 | Construir | Lumber Camp |
| 20:40 | Construir | Lumber Camp |
| 20:50 | Crear | Villager (Male) ×2 |
| 21:01 | Construir | Farm |
| 21:04 | Construir | House |
| 21:11 | Crear | Villager (Male) ×2 |
| 21:21 | Crear | Villager (Male) |
Build order — Wolobo
Primeras 150 de 543 acciones detectadas
| 0:00 | Crear | Villager (Male) |
| 0:01 | Crear | Villager (Male) |
| 0:01 | Crear | Villager (Male) |
| 0:01 | Crear | Villager (Male) |
| 0:03 | Construir | House |
| 0:04 | Construir | House |
| 1:22 | Crear | Villager (Male) |
| 1:47 | Construir | Lumber Camp |
| 1:48 | Crear | Villager (Male) |
| 2:24 | Crear | Villager (Male) |
| 2:24 | Crear | Villager (Male) |
| 2:54 | Crear | Villager (Male) |
| 2:54 | Crear | Villager (Male) |
| 2:57 | Crear | Villager (Male) |
| 3:02 | Construir | House |
| 3:03 | Construir | House |
| 3:34 | Crear | Villager (Male) |
| 3:34 | Crear | Villager (Male) |
| 4:00 | Crear | Villager (Male) |
| 4:00 | Crear | Villager (Male) |
| 4:11 | Construir | Mill |
| 4:31 | Crear | Villager (Male) |
| 4:32 | Crear | Villager (Male) |
| 4:42 | Crear | Villager (Male) |
| 4:42 | Crear | Villager (Male) |
| 5:15 | Crear | Villager (Male) |
| 5:15 | Crear | Villager (Male) |
| 5:15 | Crear | Villager (Male) |
| 5:33 | Crear | Villager (Male) |
| 5:33 | Crear | Villager (Male) |
| 5:51 | Crear | Villager (Male) |
| 5:51 | Crear | Villager (Male) |
| 6:00 | Investigar | Loom |
| 6:39 | Construir | Barracks |
| 6:54 | Investigar | Feudal Age |
| 7:17 | Crear | Militia |
| 7:17 | Crear | Militia |
| 7:37 | Crear | Militia |
| 7:37 | Crear | Militia |
| 7:44 | Construir | House |
| 7:48 | Crear | Militia |
| 7:48 | Crear | Militia |
| 8:05 | Crear | Militia |
| 8:05 | Crear | Militia |
| 8:52 | Crear | Villager (Male) |
| 8:53 | Crear | Villager (Male) |
| 8:53 | Crear | Villager (Male) |
| 8:53 | Crear | Villager (Male) |
| 9:03 | Edad | Edad Feudal |
| 9:09 | Crear | Villager (Male) |
| 9:09 | Crear | Villager (Male) |
| 9:14 | Crear | Villager (Male) |
| 9:14 | Crear | Villager (Male) |
| 9:16 | Crear | Villager (Male) |
| 9:16 | Crear | Villager (Male) |
| 9:20 | Construir | Mill |
| 9:53 | Crear | Villager (Male) |
| 10:25 | Crear | Villager (Male) |
| 10:25 | Crear | Villager (Male) |
| 10:35 | Crear | Villager (Male) |
| 10:35 | Crear | Villager (Male) |
| 10:41 | Construir | Farm |
| 10:41 | Construir | Farm |
| 10:46 | Construir | Farm |
| 10:49 | Crear | Villager (Male) |
| 10:49 | Crear | Villager (Male) |
| 11:11 | Construir | Farm |
| 11:12 | Crear | Villager (Male) |
| 11:12 | Crear | Villager (Male) |
| 11:12 | Crear | Villager (Male) |
| 11:19 | Construir | House |
| 11:30 | Crear | Villager (Male) |
| 11:30 | Crear | Villager (Male) |
| 11:38 | Crear | Villager (Male) |
| 11:46 | Crear | Villager (Male) |
| 12:02 | Crear | Villager (Male) |
| 12:02 | Crear | Villager (Male) |
| 12:06 | Crear | Villager (Male) |
| 12:06 | Crear | Villager (Male) |
| 12:14 | Investigar | Double-Bit Axe |
| 12:19 | Crear | Villager (Male) |
| 12:19 | Crear | Villager (Male) |
| 12:20 | Crear | Villager (Male) |
| 12:20 | Crear | Villager (Male) |
| 12:20 | Crear | Villager (Male) |
| 12:29 | Construir | Mining Camp |
| 12:37 | Crear | Villager (Male) |
| 12:39 | Crear | Villager (Male) |
| 12:43 | Crear | Villager (Male) |
| 12:44 | Crear | Villager (Male) |
| 12:54 | Crear | Villager (Male) |
| 13:01 | Construir | House |
| 13:03 | Crear | Villager (Male) |
| 13:17 | Investigar | Horse Collar |
| 13:21 | Crear | Villager (Male) |
| 13:22 | Crear | Villager (Male) |
| 13:29 | Crear | Villager (Male) |
| 13:33 | Construir | Farm |
| 13:38 | Crear | Villager (Male) |
| 13:44 | Crear | Villager (Male) |
| 13:44 | Crear | Villager (Male) |
| 13:59 | Crear | Villager (Male) |
| 14:16 | Construir | Blacksmith |
| 14:18 | Crear | Villager (Male) |
| 14:18 | Crear | Villager (Male) |
| 14:31 | Crear | Villager (Male) |
| 14:34 | Crear | Villager (Male) |
| 14:43 | Crear | Villager (Male) |
| 14:43 | Crear | Villager (Male) |
| 14:59 | Construir | Market |
| 15:25 | Construir | Farm |
| 15:31 | Construir | House |
| 15:42 | Construir | Farm |
| 16:04 | Construir | Farm |
| 16:21 | Investigar | Castle Age |
| 16:35 | Construir | Farm |
| 16:43 | Construir | Farm |
| 16:44 | Construir | Farm |
| 16:50 | Crear | Villager (Male) |
| 16:52 | Construir | House |
| 18:06 | Crear | Villager (Male) |
| 18:29 | Crear | Villager (Male) |
| 19:01 | Edad | Edad de los Castillos |
| 19:04 | Construir | Town Center |
| 19:23 | Construir | Krepost |
| 19:26 | Crear | Villager (Male) |
| 19:36 | Construir | Town Center |
| 19:41 | Investigar | Scale Barding Armor |
| 19:42 | Investigar | Forging |
| 19:55 | Crear | Villager (Male) |
| 19:56 | Crear | Villager (Male) |
| 19:57 | Investigar | Wheelbarrow |
| 20:22 | Crear | Villager (Male) |
| 20:26 | Crear | Villager (Male) |
| 20:26 | Crear | Villager (Male) |
| 20:32 | Construir | Farm |
| 20:33 | Construir | Farm |
| 20:35 | Construir | Farm |
| 20:36 | Construir | Farm |
| 20:37 | Investigar | Fletching |
| 20:41 | Crear | Villager (Male) |
| 20:42 | Crear | Villager (Male) |
| 20:51 | Crear | Villager (Male) |
| 20:51 | Crear | Villager (Male) |
| 20:59 | Construir | Farm |
| 21:19 | Crear | Villager (Male) |
| 21:20 | Crear | Villager (Male) |
| 21:20 | Crear | Villager (Male) |
| 21:45 | Crear | Villager (Male) |
| 21:52 | Construir | Lumber Camp |
Build order — EXILE | Nea
Primeras 150 de 310 acciones detectadas
| 0:02 | Crear | Villager (Male) |
| 0:02 | Crear | Villager (Male) |
| 0:03 | Crear | Villager (Male) |
| 0:04 | Construir | House |
| 0:06 | Construir | House |
| 0:18 | Crear | Villager (Male) |
| 1:17 | Crear | Villager (Male) |
| 1:48 | Crear | Villager (Male) |
| 1:52 | Construir | Lumber Camp |
| 2:16 | Crear | Villager (Male) |
| 2:51 | Crear | Villager (Male) |
| 2:59 | Crear | Villager (Male) |
| 2:59 | Crear | Villager (Male) |
| 3:27 | Construir | House |
| 3:37 | Crear | Villager (Male) |
| 3:47 | Crear | Villager (Male) |
| 4:22 | Construir | Mill |
| 4:35 | Crear | Villager (Male) |
| 4:54 | Crear | Villager (Male) |
| 4:54 | Crear | Villager (Male) |
| 5:28 | Crear | Villager (Male) |
| 5:34 | Crear | Villager (Male) |
| 5:35 | Investigar | Loom |
| 6:40 | Investigar | Feudal Age |
| 6:47 | Construir | Mining Camp |
| 7:34 | Construir | House |
| 9:17 | Edad | Edad Feudal |
| 9:25 | Crear | Villager (Male) |
| 9:32 | Investigar | Double-Bit Axe |
| 9:35 | Investigar | Horse Collar |
| 10:00 | Crear | Villager (Male) |
| 10:16 | Construir | Mill |
| 10:19 | Crear | Villager (Male) |
| 10:24 | Construir | House |
| 10:26 | Construir | House |
| 10:34 | Crear | Villager (Male) |
| 10:49 | Crear | Villager (Male) |
| 11:21 | Construir | Outpost |
| 11:36 | Crear | Villager (Male) |
| 11:42 | Construir | Blacksmith |
| 12:13 | Crear | Villager (Male) |
| 12:28 | Construir | Farm |
| 12:32 | Construir | Farm |
| 12:36 | Construir | Farm |
| 12:46 | Construir | Farm |
| 12:55 | Crear | Villager (Male) |
| 13:02 | Construir | Farm |
| 13:22 | Crear | Villager (Male) |
| 13:33 | Construir | Market |
| 13:43 | Construir | House |
| 13:46 | Crear | Villager (Male) |
| 13:59 | Construir | Mining Camp |
| 14:16 | Crear | Villager (Male) |
| 14:18 | Construir | Farm |
| 14:25 | Construir | Farm |
| 14:43 | Construir | Farm |
| 14:45 | Crear | Villager (Male) |
| 15:00 | Construir | Outpost |
| 15:03 | Construir | Outpost |
| 15:12 | Crear | Villager (Male) |
| 15:26 | Construir | Farm |
| 15:29 | Construir | Farm |
| 15:44 | Construir | Outpost |
| 16:29 | Investigar | Castle Age |
| 16:39 | Construir | Stone Wall |
| 16:51 | Construir | Stone Wall |
| 18:36 | Construir | Town Center |
| 18:46 | Construir | Mining Camp |
| 19:21 | Investigar | Castle Age |
| 20:17 | Construir | Lumber Camp |
| 20:22 | Construir | Mill |
| 21:19 | Construir | Farm |
| 21:22 | Construir | Farm |
| 21:23 | Construir | Farm |
| 21:23 | Construir | Farm |
| 21:30 | Construir | Farm |
| 21:34 | Construir | Farm |
| 21:38 | Construir | Farm |
| 21:54 | Construir | House |
| 21:56 | Construir | House |
| 21:57 | Construir | House |
| 21:58 | Construir | House |
| 22:01 | Edad | Edad de los Castillos |
| 22:17 | Construir | Farm |
| 22:17 | Construir | Farm |
| 22:17 | Construir | Farm |
| 22:22 | Construir | Town Center |
| 22:29 | Investigar | Bow Saw |
| 22:32 | Crear | Villager (Male) |
| 23:04 | Construir | Farm |
| 23:06 | Crear | Villager (Male) |
| 23:43 | Investigar | Heavy Plow |
| 23:45 | Crear | Villager (Male) |
| 24:14 | Crear | Villager (Male) |
| 24:25 | Construir | House |
| 24:27 | Construir | House |
| 24:49 | Crear | Villager (Male) |
| 24:50 | Crear | Villager (Male) |
| 24:50 | Crear | Villager (Male) |
| 24:50 | Crear | Villager (Male) |
| 24:55 | Construir | Farm |
| 24:56 | Construir | Farm |
| 25:02 | Construir | Farm |
| 25:06 | Construir | Farm |
| 25:08 | Crear | Villager (Male) |
| 25:14 | Crear | Villager (Male) |
| 25:19 | Construir | Farm |
| 25:21 | Crear | Villager (Male) |
| 25:41 | Crear | Villager (Male) |
| 25:49 | Construir | House |
| 25:51 | Construir | House |
| 25:52 | Construir | House |
| 25:53 | Crear | Villager (Male) |
| 25:53 | Crear | Villager (Male) |
| 26:07 | Crear | Villager (Male) |
| 26:11 | Construir | Farm |
| 26:17 | Construir | Farm |
| 26:18 | Crear | Villager (Male) |
| 26:19 | Crear | Villager (Male) |
| 26:43 | Construir | Farm |
| 26:52 | Crear | Villager (Male) |
| 26:52 | Crear | Villager (Male) |
| 26:53 | Crear | Villager (Male) |
| 26:53 | Crear | Villager (Male) |
| 26:53 | Crear | Villager (Male) |
| 27:16 | Crear | Villager (Male) |
| 27:17 | Crear | Villager (Male) |
| 27:17 | Crear | Villager (Male) |
| 27:17 | Crear | Villager (Male) |
| 27:20 | Construir | Farm |
| 27:24 | Crear | Villager (Male) |
| 27:24 | Crear | Villager (Male) |
| 27:37 | Construir | Farm |
| 27:39 | Crear | Villager (Male) |
| 27:44 | Crear | Villager (Male) |
| 27:44 | Crear | Villager (Male) |
| 27:48 | Construir | Farm |
| 27:50 | Construir | Farm |
| 27:51 | Construir | Farm |
| 27:52 | Crear | Villager (Male) |
| 27:52 | Crear | Villager (Male) |
| 27:58 | Construir | Farm |
| 28:01 | Crear | Villager (Male) |
| 28:10 | Construir | Town Center |
| 28:19 | Construir | Palisade Wall |
| 28:22 | Construir | Palisade Wall |
| 28:26 | Construir | Palisade Wall |
| 28:41 | Crear | Villager (Male) |
| 28:41 | Crear | Villager (Male) |
| 28:41 | Crear | Villager (Male) |
Build order — DS_Alec
Primeras 150 de 345 acciones detectadas
| 0:00 | Crear | Villager (Male) |
| 0:00 | Crear | Villager (Male) |
| 0:00 | Crear | Villager (Male) |
| 0:00 | Crear | Villager (Male) |
| 0:00 | Crear | Villager (Male) |
| 0:00 | Crear | Villager (Male) |
| 0:01 | Crear | Villager (Male) |
| 0:01 | Crear | Villager (Male) |
| 0:01 | Crear | Villager (Male) |
| 0:03 | Construir | House |
| 0:04 | Construir | House |
| 1:00 | Construir | Palisade Gate |
| 1:09 | Construir | Palisade Gate |
| 1:11 | Construir | Palisade Wall |
| 1:12 | Construir | Palisade Wall |
| 1:15 | Construir | Palisade Wall |
| 1:17 | Construir | Palisade Wall |
| 1:34 | Construir | Palisade Gate |
| 1:38 | Construir | Palisade Wall |
| 1:39 | Construir | Palisade Wall |
| 1:41 | Crear | Villager (Male) |
| 1:42 | Crear | Villager (Male) |
| 2:33 | Crear | Villager (Male) |
| 2:33 | Crear | Villager (Male) |
| 2:33 | Crear | Villager (Male) |
| 2:51 | Crear | Villager (Male) |
| 3:07 | Crear | Villager (Male) |
| 3:14 | Construir | House |
| 3:19 | Crear | Villager (Male) |
| 4:01 | Crear | Villager (Male) |
| 4:16 | Crear | Villager (Male) |
| 4:39 | Crear | Villager (Male) |
| 4:41 | Crear | Villager (Male) |
| 4:50 | Crear | Villager (Male) |
| 5:07 | Crear | Villager (Male) |
| 5:37 | Construir | Lumber Camp |
| 5:38 | Crear | Villager (Male) |
| 6:03 | Crear | Villager (Male) |
| 6:19 | Construir | Mill |
| 6:24 | Construir | Mill |
| 6:51 | Investigar | Feudal Age |
| 7:52 | Crear | Villager (Male) |
| 7:52 | Investigar | Loom |
| 8:09 | Construir | House |
| 9:01 | Edad | Edad Feudal |
| 9:15 | Construir | Market |
| 9:52 | Construir | Blacksmith |
| 9:58 | Crear | Villager (Male) |
| 10:16 | Investigar | Castle Age |
| 11:05 | Construir | Mining Camp |
| 11:41 | Construir | Palisade Wall |
| 11:42 | Construir | Palisade Wall |
| 11:44 | Construir | Palisade Wall |
| 11:45 | Construir | Palisade Wall |
| 12:02 | Construir | Palisade Wall |
| 12:16 | Crear | Villager (Male) |
| 12:35 | Investigar | Double-Bit Axe |
| 13:03 | Edad | Edad de los Castillos |
| 13:08 | Construir | Siege Workshop |
| 13:10 | Construir | Palisade Wall |
| 13:12 | Construir | Palisade Wall |
| 13:13 | Construir | Palisade Wall |
| 13:20 | Crear | Villager (Male) |
| 13:33 | Construir | Siege Workshop |
| 13:40 | Crear | Villager (Male) |
| 13:42 | Crear | Villager (Male) |
| 14:06 | Crear | Battering Ram |
| 14:10 | Crear | Villager (Male) |
| 14:15 | Construir | House |
| 14:22 | Construir | House |
| 14:25 | Crear | Villager (Male) |
| 14:36 | Crear | Battering Ram |
| 14:54 | Crear | Scorpion |
| 15:17 | Crear | Scorpion |
| 15:18 | Crear | Scorpion |
| 15:25 | Crear | Scorpion |
| 15:26 | Crear | Scorpion |
| 15:26 | Crear | Villager (Male) |
| 15:48 | Crear | Villager (Male) |
| 16:14 | Crear | Scorpion |
| 16:15 | Crear | Villager (Male) |
| 16:18 | Construir | House |
| 16:21 | Construir | House |
| 16:30 | Crear | Scorpion |
| 16:32 | Crear | Villager (Male) |
| 16:41 | Crear | Scorpion |
| 17:01 | Crear | Villager (Male) |
| 17:03 | Construir | Farm |
| 17:04 | Construir | Farm |
| 17:05 | Construir | Farm |
| 17:09 | Crear | Scorpion |
| 17:25 | Construir | Farm |
| 17:35 | Construir | House |
| 17:41 | Crear | Scorpion |
| 17:41 | Crear | Scorpion |
| 17:58 | Crear | Villager (Male) |
| 18:02 | Construir | Farm |
| 18:15 | Crear | Scorpion |
| 18:27 | Construir | Farm |
| 18:50 | Crear | Scorpion |
| 18:51 | Crear | Villager (Male) |
| 19:03 | Crear | Scorpion |
| 19:18 | Crear | Scorpion |
| 19:18 | Crear | Scorpion |
| 19:19 | Crear | Villager (Male) |
| 19:34 | Crear | Scorpion |
| 19:34 | Crear | Scorpion |
| 19:35 | Crear | Villager (Male) |
| 19:53 | Crear | Scorpion |
| 19:54 | Crear | Villager (Male) |
| 20:23 | Construir | House |
| 20:30 | Crear | Scorpion |
| 20:30 | Crear | Scorpion |
| 20:38 | Crear | Villager (Male) |
| 20:38 | Crear | Villager (Male) |
| 20:46 | Construir | Farm |
| 20:48 | Construir | Farm |
| 20:56 | Construir | House |
| 21:05 | Crear | Villager (Male) |
| 21:26 | Construir | Siege Workshop |
| 21:28 | Crear | Villager (Male) |
| 21:44 | Crear | Villager (Male) |
| 22:02 | Crear | Battering Ram |
| 22:09 | Construir | House |
| 22:29 | Crear | Scorpion |
| 22:29 | Crear | Scorpion |
| 22:45 | Crear | Battering Ram |
| 22:50 | Crear | Villager (Male) |
| 22:51 | Crear | Villager (Male) |
| 22:53 | Crear | Villager (Male) |
| 22:54 | Crear | Villager (Male) |
| 23:12 | Construir | Town Center |
| 23:48 | Crear | Villager (Male) |
| 23:49 | Crear | Scorpion |
| 23:49 | Crear | Scorpion |
| 23:51 | Crear | Scorpion |
| 23:51 | Crear | Scorpion |
| 23:52 | Crear | Villager (Male) |
| 23:53 | Crear | Villager (Male) |
| 24:30 | Crear | Scorpion |
| 24:30 | Crear | Scorpion |
| 25:10 | Crear | Scorpion |
| 25:16 | Crear | Scorpion |
| 25:20 | Crear | Villager (Male) |
| 25:20 | Crear | Villager (Male) |
| 25:24 | Construir | House |
| 25:29 | Crear | Scorpion |
| 25:29 | Crear | Scorpion |
| 25:29 | Crear | Scorpion |
| 26:01 | Crear | Villager (Male) |
Build order — 我是你大飞哥
Primeras 150 de 422 acciones detectadas
| 0:01 | Crear | Villager (Male) |
| 0:01 | Crear | Villager (Male) |
| 0:02 | Construir | House |
| 0:03 | Construir | House |
| 0:09 | Crear | Villager (Male) |
| 0:10 | Crear | Villager (Male) |
| 0:10 | Crear | Villager (Male) |
| 0:10 | Crear | Villager (Male) |
| 0:10 | Crear | Villager (Male) |
| 1:12 | Crear | Villager (Male) |
| 1:12 | Crear | Villager (Male) |
| 1:50 | Crear | Villager (Male) |
| 1:50 | Crear | Villager (Male) |
| 2:36 | Construir | Lumber Camp |
| 3:09 | Crear | Villager (Male) |
| 3:09 | Crear | Villager (Male) |
| 3:09 | Crear | Villager (Male) |
| 3:10 | Crear | Villager (Male) |
| 3:53 | Crear | Villager (Male) |
| 3:53 | Crear | Villager (Male) |
| 3:56 | Construir | House |
| 3:57 | Construir | House |
| 4:16 | Crear | Villager (Male) |
| 4:17 | Crear | Villager (Male) |
| 4:57 | Crear | Villager (Male) |
| 4:58 | Crear | Villager (Male) |
| 6:00 | Construir | Mill |
| 6:32 | Construir | Mining Camp |
| 6:39 | Crear | Villager (Male) |
| 6:40 | Crear | Villager (Male) |
| 7:00 | Construir | Mining Camp |
| 7:30 | Crear | Villager (Male) |
| 7:57 | Investigar | Feudal Age |
| 7:57 | Investigar | Feudal Age |
| 8:08 | Construir | Barracks |
| 8:43 | Construir | House |
| 8:54 | Construir | House |
| 9:26 | Crear | Villager (Male) |
| 9:27 | Crear | Villager (Male) |
| 9:39 | Construir | Farm |
| 9:40 | Construir | Farm |
| 9:42 | Construir | Farm |
| 10:03 | Crear | Villager (Male) |
| 10:07 | Edad | Edad Feudal |
| 10:09 | Construir | House |
| 10:30 | Construir | Stable |
| 10:52 | Crear | Villager (Male) |
| 11:19 | Crear | Villager (Male) |
| 11:51 | Construir | Blacksmith |
| 11:57 | Crear | Villager (Male) |
| 12:35 | Investigar | Castle Age |
| 12:35 | Investigar | Castle Age |
| 13:17 | Investigar | Double-Bit Axe |
| 13:27 | Construir | House |
| 13:29 | Construir | House |
| 14:06 | Crear | Scout Cavalry |
| 14:24 | Construir | Farm |
| 14:31 | Construir | Farm |
| 14:33 | Construir | Farm |
| 15:17 | Edad | Edad de los Castillos |
| 15:21 | Construir | Town Center |
| 15:23 | Crear | Villager (Male) |
| 15:23 | Crear | Villager (Male) |
| 15:25 | Construir | Monastery |
| 15:32 | Construir | Town Center |
| 15:44 | Crear | Scout Cavalry |
| 15:44 | Crear | Scout Cavalry |
| 15:55 | Crear | Monk |
| 15:55 | Crear | Monk |
| 16:18 | Crear | Villager (Male) |
| 16:32 | Crear | Scout Cavalry |
| 16:32 | Crear | Villager (Male) |
| 17:02 | Crear | Villager (Male) |
| 17:08 | Crear | Scout Cavalry |
| 17:10 | Construir | Farm |
| 17:12 | Construir | Farm |
| 17:35 | Construir | Farm |
| 17:35 | Crear | Villager (Male) |
| 17:37 | Construir | Farm |
| 17:38 | Construir | Farm |
| 17:39 | Construir | Farm |
| 17:40 | Construir | Farm |
| 17:41 | Construir | Farm |
| 17:51 | Crear | Scout Cavalry |
| 17:55 | Crear | Villager (Male) |
| 17:55 | Crear | Villager (Male) |
| 18:08 | Construir | Farm |
| 18:15 | Crear | Villager (Male) |
| 18:15 | Crear | Villager (Male) |
| 18:15 | Crear | Villager (Male) |
| 18:32 | Crear | Villager (Male) |
| 18:35 | Investigar | Light Cavalry (upgrade) |
| 18:35 | Investigar | Light Cavalry (upgrade) |
| 18:47 | Construir | Farm |
| 18:48 | Crear | Knight |
| 18:49 | Crear | Knight |
| 19:21 | Crear | Villager (Male) |
| 19:23 | Crear | Monk |
| 19:26 | Crear | Villager (Male) |
| 19:27 | Crear | Villager (Male) |
| 19:29 | Construir | Farm |
| 19:40 | Crear | Villager (Male) |
| 19:41 | Crear | Villager (Male) |
| 19:42 | Crear | Villager (Male) |
| 19:42 | Crear | Villager (Male) |
| 19:54 | Crear | Villager (Male) |
| 19:57 | Construir | House |
| 19:58 | Construir | House |
| 20:25 | Crear | Knight |
| 20:25 | Crear | Knight |
| 20:27 | Crear | Villager (Male) |
| 20:29 | Construir | Farm |
| 20:33 | Construir | House |
| 20:34 | Construir | House |
| 20:35 | Construir | House |
| 20:42 | Crear | Villager (Male) |
| 20:43 | Crear | Villager (Male) |
| 20:43 | Crear | Villager (Male) |
| 20:44 | Crear | Villager (Male) |
| 20:47 | Construir | Mining Camp |
| 21:00 | Crear | Villager (Male) |
| 21:01 | Crear | Villager (Male) |
| 21:01 | Crear | Villager (Male) |
| 21:02 | Crear | Villager (Male) |
| 21:03 | Crear | Knight |
| 21:03 | Crear | Knight |
| 21:14 | Crear | Villager (Male) |
| 21:19 | Construir | Lumber Camp |
| 21:23 | Construir | Farm |
| 21:26 | Crear | Villager (Male) |
| 21:26 | Crear | Villager (Male) |
| 21:37 | Crear | Villager (Male) |
| 22:00 | Crear | Knight |
| 22:00 | Crear | Knight |
| 22:09 | Crear | Villager (Male) |
| 22:11 | Crear | Monk |
| 22:22 | Crear | Knight |
| 22:25 | Construir | House |
| 22:25 | Construir | House |
| 22:26 | Construir | House |
| 22:28 | Crear | Villager (Male) |
| 22:31 | Construir | Lumber Camp |
| 22:33 | Crear | Villager (Male) |
| 22:34 | Crear | Villager (Male) |
| 22:41 | Construir | Farm |
| 22:54 | Crear | Villager (Male) |
| 22:54 | Crear | Villager (Male) |
| 23:09 | Crear | Knight |
| 23:15 | Crear | Villager (Male) |
| 23:16 | Crear | Villager (Male) |
Cronología de la partida
| 0:47 | hK | Agt. Smith · wall_segment Palisade Wall x4 |
| 0:48 | hK | Agt. Smith · wall_segment Palisade Wall x6 |
| 1:11 | DS_Alec · wall_segment Palisade Wall x1 |
| 1:12 | DS_Alec · wall_segment Palisade Wall x1 |
| 1:15 | DS_Alec · wall_segment Palisade Wall x1 |
| 1:17 | DS_Alec · wall_segment Palisade Wall x1 |
| 1:27 | hK | Agt. Smith · wall_segment Palisade Wall x6 |
| 1:38 | DS_Alec · wall_segment Palisade Wall x1 |
| 1:39 | DS_Alec · wall_segment Palisade Wall x1 |
| 6:39 | Wolobo · first_building Barracks |
| 8:08 | 我是你大飞哥 · first_building Barracks |
| 9:01 | DS_Alec · age_up feudal |
| 9:03 | Wolobo · age_up feudal |
| 9:17 | EXILE | Nea · age_up feudal |
| 10:07 | 我是你大飞哥 · age_up feudal |
| 10:14 | DS_Alec · first_market_sell 100 stone |
| 10:30 | 我是你大飞哥 · first_building Stable |
| 10:31 | HK | El Chairo · age_up feudal |
| 10:31 | Icen · age_up feudal |
| 10:41 | hK | Agt. Smith · age_up feudal |
| 11:37 | EXILE | Lightning · age_up feudal |
| 11:41 | DS_Alec · wall_segment Palisade Wall x1 |
| 11:42 | DS_Alec · wall_segment Palisade Wall x1 |
| 11:44 | DS_Alec · wall_segment Palisade Wall x1 |
| 11:45 | DS_Alec · wall_segment Palisade Wall x1 |
| 12:02 | DS_Alec · wall_segment Palisade Wall x1 |
| 13:03 | DS_Alec · age_up castle |
| 13:08 | DS_Alec · first_building Siege Workshop |
| 13:08 | EXILE | Lightning · wall_segment Palisade Wall x1 |
| 13:09 | EXILE | Lightning · wall_segment Palisade Wall x1 |
| 13:10 | DS_Alec · wall_segment Palisade Wall x1 |
| 13:11 | EXILE | Lightning · wall_segment Palisade Wall x1 |
| 13:12 | DS_Alec · wall_segment Palisade Wall x1 |
| 13:12 | EXILE | Lightning · wall_segment Palisade Wall x1 |
| 13:13 | EXILE | Lightning · wall_segment Palisade Wall x1 |
| 13:13 | DS_Alec · wall_segment Palisade Wall x1 |
| 13:14 | EXILE | Lightning · wall_segment Palisade Wall x1 |
| 13:58 | DS_Alec · first_market_buy 100 wood |
| 14:02 | HK | El Chairo · age_up castle |
| 14:10 | EXILE | Lightning · first_building Barracks |
| 14:26 | Icen · age_up castle |
| 14:32 | Icen · first_building Siege Workshop |
| 14:46 | hK | Agt. Smith · age_up castle |
| 14:51 | hK | Agt. Smith · first_building Siege Workshop |
| 15:02 | hK | Agt. Smith · first_building Monastery |
| 15:17 | 我是你大飞哥 · age_up castle |
| 15:17 | EXILE | Lightning · age_up castle |
| 15:24 | EXILE | Lightning · first_building Stable |
| 15:25 | 我是你大飞哥 · first_building Monastery |
| 15:38 | hK | Agt. Smith · wall_segment Palisade Wall x7 |
| 15:43 | hK | Agt. Smith · first_market_buy 100 wood |
| 16:26 | hK | Agt. Smith · wall_segment Palisade Wall x8 |
| 16:39 | EXILE | Nea · wall_segment Stone Wall x6 |
| 16:51 | EXILE | Nea · wall_segment Stone Wall x3 |
| 17:45 | hK | Agt. Smith · wall_segment Palisade Wall x1 |
| 17:50 | HK | El Chairo · first_building Siege Workshop |
| 18:02 | HK | El Chairo · first_market_buy 100 wood |
| 18:14 | EXILE | Lightning · first_building Siege Workshop |
| 18:46 | hK | Agt. Smith · wall_segment Stone Wall x1 |
| 19:01 | Wolobo · age_up castle |
| 19:10 | Icen · first_market_buy 100 food |
| 19:23 | Wolobo · first_building Krepost |
| 19:29 | Wolobo · first_market_buy 100 stone |
| 21:28 | hK | Agt. Smith · resign |
| 21:54 | HK | El Chairo · first_building Castle |
| 22:01 | EXILE | Nea · age_up castle |
| 22:20 | EXILE | Lightning · wall_segment Palisade Wall x1 |
| 25:28 | Icen · first_building Monastery |
| 26:48 | EXILE | Lightning · first_market_buy 100 wood |
| 27:27 | HK | El Chairo · first_market_sell 100 wood |
| 27:44 | EXILE | Lightning · first_market_sell 100 wood |
| 28:14 | HK | El Chairo · first_building Barracks |
| 28:19 | EXILE | Nea · wall_segment Palisade Wall x1 |
| 28:22 | EXILE | Nea · wall_segment Palisade Wall x1 |
| 28:24 | 我是你大飞哥 · first_building Castle |
| 28:26 | EXILE | Nea · wall_segment Palisade Wall x1 |
| 28:48 | Wolobo · first_building Castle |
| 28:50 | HK | El Chairo · wall_segment Palisade Wall x1 |
| 29:40 | Wolobo · first_building Archery Range |
| 29:52 | Icen · first_building Castle |
| 30:26 | EXILE | Nea · first_building Castle |
| 30:45 | HK | El Chairo · age_up imperial |
| 31:08 | Wolobo · first_market_sell 100 stone |
| 31:53 | Icen · age_up imperial |
| 32:32 | Wolobo · wall_segment Palisade Wall x1 |
| 32:34 | Wolobo · wall_segment Palisade Wall x1 |
| 32:35 | Wolobo · wall_segment Palisade Wall x1 |
| 33:34 | EXILE | Lightning · wall_segment Stone Wall x2 |
| 33:40 | EXILE | Lightning · wall_segment Stone Wall x1 |
| 33:54 | EXILE | Lightning · wall_segment Stone Wall x1 |
| 33:57 | Wolobo · first_building Stable |
| 34:34 | Wolobo · age_up imperial |
| 34:46 | 我是你大飞哥 · age_up imperial |
| 34:55 | 我是你大飞哥 · first_market_sell 100 stone |
| 35:07 | Icen · first_market_sell 100 food |
| 35:11 | EXILE | Nea · first_building Siege Workshop |
| 35:18 | Wolobo · first_building Siege Workshop |
| 35:27 | EXILE | Lightning · wall_segment Stone Wall x1 |
| 36:18 | HK | El Chairo · first_building Stable |
| 36:19 | HK | El Chairo · first_building Archery Range |
| 36:47 | EXILE | Lightning · wall_segment Stone Wall x1 |
| 37:33 | EXILE | Lightning · wall_segment Palisade Wall x2 |
| 37:38 | EXILE | Lightning · wall_segment Palisade Wall x5 |
| 37:43 | EXILE | Lightning · wall_segment Palisade Wall x6 |
| 37:49 | EXILE | Lightning · wall_segment Palisade Wall x5 |
| 38:05 | EXILE | Nea · age_up imperial |
| 38:43 | DS_Alec · first_building Castle |
| 39:18 | EXILE | Nea · first_building Barracks |
| 40:20 | DS_Alec · age_up imperial |
| 40:54 | HK | El Chairo · wall_segment Stone Wall x1 |
| 40:57 | HK | El Chairo · wall_segment Stone Wall x1 |
| 40:58 | HK | El Chairo · wall_segment Stone Wall x1 |
[ ANÁLISIS IA · 1 CRÉDITO ]
¿Qué pasó realmente en esta partida?
Wolo.gg analiza cada decisión: build order, eco, micro, errores típicos por bracket. Análisis personalizado por WhatsApp o Discord en 30 segundos.
Guía civ
Persas
Perfil
EXILE | Lightning